 Dungeon Crawl Stone Soup version 0.22-a0-430-g6609fc6 (webtiles) character file.

67 KristoblXynda the Slasher (level 4, -4/36 HPs)
             Began as a Draconian Gladiator on May 26, 2018.
             Slain by Terence
             ... wielding a +0 hand axe
              (6 damage)
             ... on level 3 of the Dungeon.
             The game lasted 00:03:00 (1836 turns).

KristoblXynda the Slasher (Draconian Gladiator)     Turns: 1836, Time: 00:03:01

Health: -4/36      AC: 10    Str: 22    XL:     4   Next: 0%
Magic:  4/4        EV: 13    Int:  9    God:
Gold:   85         SH:  0    Dex: 12    Spells: 3/3 levels left

rFire    . . .     SeeInvis .   a - +1 long sword
rCold    . . .     Gourm    .   (no shield)
rNeg     . . .     Faith    .   (armour unavailable)
rPois    +         Spirit   .   b - +0 hat
rElec    .         Reflect  .   (no cloak)
rCorr    .         Harm     .   n - +0 pair of gloves
MR       .....                  (no boots)
Stlth    +.........             (no amulet)
HPRegen  0.12/turn              o - +4 ring of protection
MPRegen  0.09/turn              h - ring of poison resistance

@: mighty
A: unfitting armour, cold-blooded, AC +5
a: no special abilities


You were on level 3 of the Dungeon.
You were not hungry.

You visited 1 branch of the dungeon, and saw 3 of its levels.

You collected 85 gold pieces.

Inventory:

Hand Weapons
 a - a +1 long sword (weapon)
Missiles
 c - 3 throwing nets (quivered)
Armour
 b - a +0 hat (worn)
 f - a +0 buckler
 n - a +0 pair of gloves (worn)
Jewellery
 h - a ring of poison resistance (right hand)
 o - a +4 ring of protection (left hand)
 r - an uncursed amulet of magic regeneration {unknown}
Scrolls
 e - a scroll of remove curse
 g - a scroll of enchant weapon
 i - a scroll of magic mapping
 j - a scroll of fear {unknown}
 p - a scroll of teleportation {unknown}
 q - a scroll of blinking {unknown}
 u - a scroll of fog {unknown}
Potions
 k - a potion of heal wounds {unknown}
 l - a potion of brilliance {unknown}
 m - a potion of cancellation {unknown}
 s - a potion of might
Comestibles
 d - 9 rations
 t - a chunk of flesh


   Skills:
 - Level 2.1 Fighting
 * Level 4.2 Long Blades
 - Level 2.0 Throwing
 + Level 3.3 Dodging


You had 3 spell levels left.
You didn't know any spells.
Your spell library was empty.

Dungeon Overview and Level Annotations

Branches:
Dungeon (3/15)

Altars:
Kikubaaqudgha
Makhleb
Sif Muna
Vehumet

Annotations:
D:3 Terence


Innate Abilities, Weirdness & Mutations

Your plain brown scales are hard. (AC +5)
You cannot fit into any form of body armour.
You are cold-blooded and may be slowed by cold attacks.


Message History

Terence is severely wounded.
Terence hits you but does no damage.
Unknown command.
You hit Terence.
Terence is severely wounded.
Terence hits you but does no damage.
Unknown command.
You hit Terence but do no damage.
Terence is severely wounded.
Terence says, "Don't bother to defend, it's pointless."
Terence barely misses you.
You hit Terence.
Terence is almost dead.
Terence hits you but does no damage.
The orc priest calls down the wrath of Beogh upon you.
Beogh smites you!
* * * LOW HITPOINT WARNING * * *
You hear a shout!
Terence hits you with a hand axe.
You die...

,* *,,,,,,,,,* *.#* ,*
*,,,,,,,*** ######.,****** ,*
**,,,....# #.....#,,,,,,* ,*
*,..,....# #.....#,,.,,,* ###
*...,....# #.....##o.,,,*
.(###..,,....# #....o....,,,*
#.#...,,,,#..######.........*****
#.#.#,****#......##........?* *,,
#...#,* #..#.#@##.@o......***,*
....#+#####..#.#@##.........,**,*
.†.....#.........o.o........,,,,,
.......#...#############....,,***
............)...# ******....*,**
##<.#+#.####..#.# *,,,,,,.##*,,*
#†.#...#.....#.# *,**,**+#***,**
#....###.....#.# *,,,,,,,,* *,,*
###........####.#******,,,,***,,,


You could see Terence and an orc.

Vanquished Creatures
  An adder (D:3)
  2 oozes
  2 worms
  2 dart slugs
  A leopard gecko (D:1)
  An orc (D:3)
  A ball python (D:2)
  2 giant cockroaches
  6 goblins
  2 hobgoblins (D:1)
  4 jackals (D:2)
  2 kobolds (D:1)
  A quokka (D:3)
  6 bats
  2 frilled lizards (D:1)
  A rat (D:3)
36 creatures vanquished.

Vanquished Creatures (others)
  A human (D:2)
1 creature vanquished.

Grand Total: 37 creatures vanquished

Notes
Turn   | Place    | Note
-------+----------+-------------------------------------------
     0 | D:1      | KristoblXynda the Draconian Gladiator began the quest for the Orb.
     0 | D:1      | Reached XP level 1. HP: 17/17 MP: 1/1
   488 | D:1      | Reached XP level 2. HP: 24/24 MP: 2/2
  1193 | D:2      | Found a burning altar of Makhleb.
  1194 | D:2      | Found a radiant altar of Vehumet.
  1208 | D:2      | Reached XP level 3. HP: 27/29 MP: 3/3
  1287 | D:2      | Found an ancient bone altar of Kikubaaqudgha.
  1287 | D:2      | Noticed a human
  1308 | D:2      | Killed a human
  1658 | D:2      | Found a deep blue altar of Sif Muna.
  1744 | D:3      | Reached skill level 4 in Long Blades
  1814 | D:3      | Noticed Terence
  1829 | D:3      | Reached XP level 4. HP: 19/36 MP: 4/4
  1836 | D:3      | Slain by Terence

Vault maps used:
D:1:      minmay_arrival_checkered_box, minmay_misc_feat_cross
D:2:      grunt_temple_overflow_open, lemuel_blue_sif_altar,
          minmay_misc_feat_roman, tgw_kikubaaqudgha
D:3:      uniq_robin, uniq_terence

Skill      XL: |  1  2  3 |
---------------+----------+-----
Throwing       | 2 |  2.0
Dodging        | 3 |  3.3
Long Blades    | 4 |  4.2
Fighting       | |  2.1

Action                   |  1- 3 |  4- 6 || total
-------------------------+-------+-------++-------
Melee: Long sword        |    98 |     5 ||   103
       Tailslap          |    10 |       ||    10
  Use: Scroll            |     4 |       ||     4
       Potion            |     1 |       ||     1
 Stab: Sleeping          |     1 |       ||     1
  Eat: Chunk             |     3 |       ||     3
Armor: Skin              |    42 |     2 ||    44
Dodge: Dodged            |    90 |     1 ||    91
       Rpst.: Long sword |    28 |       ||    28

Table legend:
 A = Spawn XP
 B = Non-spawn XP
 C = Spawn XP percentage of total XP
 D = Spawn monster count
 E = Non-spawn monster count
 F = Spawn count percentage of total count
 G = Total turns spent on level
                    A         B        C        D         E        F      G
               +---------+---------+-------+---------+---------+-------+---------
         Total |       0 |      97 |   0.0 |       0 |      36 |   0.0 |  1836
               +---------+---------+-------+---------+---------+-------+---------
           D:1 |       0 |      35 |   0.0 |       0 |      16 |   0.0 |  1175
           D:2 |       0 |      21 |   0.0 |       0 |      10 |   0.0 |   549
           D:3 |       0 |      41 |   0.0 |       0 |      10 |   0.0 |   112
               +---------+---------+-------+---------+---------+-------+---------
